 Dungeon Crawl Stone Soup version 0.17-a0-1572-g7a1422d (webtiles) character file.

2453 mrath the Digger (level 9, -1/52 HPs)
             Began as a Gargoyle Earth Elementalist on July 24, 2015.
             Slain by an orc warrior
             ... wielding a +0 war axe
              (2 damage)
             ... on level 6 of the Dungeon.
             The game lasted 01:27:08 (10065 turns).

mrath the Digger (Gargoyle Earth Elementalist)     Turns: 10065, Time: 01:27:08

Health: -1/52      AC: 20    Str: 10 (11) XL:     9   Next: 50%
Magic:  18/20      EV: 12    Int: 20      God:
Gold:   205        SH:  0    Dex: 10      Spells: 4 memorised, 11 levels left

rFire  . . .     SeeInvis +     M - +1 flail (protect)
rCold  . . .     Clarity  .     L - +2 robe {MR+}
rNeg   + . .     SustAt   .     (no shield)
rPois  ∞         Gourm    .     (no helmet)
rElec  +         Spirit   .     (no cloak)
rCorr  .         Warding  .     r - +0 pair of gloves
rMut   .         Stasis   +     i - +0 pair of boots
MR     +....                    f - amulet of stasis
Stlth  ++........               (no ring)
                                t - ring of see invisible

@: stone skin, somewhat resistant to hostile enchantments, unstealthy
A: negative energy resistance 1, electricity resistance, unbreathing,
petrification resistance, rot immunity, AC +5
a: no special abilities


You were on level 6 of the Dungeon.
You were full.

You visited 2 branches of the dungeon, and saw 8 of its levels.
You also visited: Ossuary.

You collected 247 gold pieces.
You spent 42 gold pieces at shops.

Inventory:

Hand weapons
 g - a +2 dagger of draining
 o - a +1 mace of draining
 x - a cursed +0 hand axe
 y - a cursed -2 hunting sling
 C - a +0 mace of protection
 F - a +0 war axe
 J - a +1 dagger of holy wrath
 M - a +1 flail of protection (weapon)
 O - a +2 whip of flaming
Missiles
 a - 142 stones (quivered)
 U - 2 tomahawks
Armour
 i - a +0 pair of boots (worn)
 j - a cursed +0 scale mail
 r - a +0 pair of gloves (worn)
 v - a +0 animal skin
 L - a +2 robe of magic resistance (worn)
 N - a +0 chain mail of cold resistance
Rods
 s - a +0 rod of shadows (14/14)
   (You found it on level 2 of the Dungeon)
Jewellery
 f - an amulet of stasis (around neck)
 q - an uncursed amulet of regeneration
 t - a ring of see invisible (left hand)
Magical devices
 h - a wand of digging (8)
 D - a wand of teleportation (2)
 P - a wand of random effects (25)
Scrolls
 b - 3 scrolls of random uselessness {unknown}
 e - 3 scrolls of identify
 l - a scroll of recharging {unknown}
 n - a scroll of fog {unknown}
 u - a scroll of amnesia {unknown}
 A - 2 scrolls of immolation {unknown}
 Q - 2 scrolls of remove curse
 T - 2 scrolls of teleportation {unknown}
 V - a scroll of enchant weapon {unknown}
Potions
 d - a potion of might {unknown}
 m - a potion of ambrosia {unknown}
 p - 2 potions of curing {unknown}
 z - 2 potions of degeneration
 B - a potion of flight {unknown}
 E - 2 potions of mutation {unknown}
 H - a potion of cure mutation {unknown}
 I - a potion of brilliance {unknown}
 K - 3 potions of poison {unknown}
 R - a potion of haste {unknown}
 S - a potion of berserk rage {unknown}
Books
 c - a book of Geomancy

   Spells                             Type                      Level
   a - Sandblast                      Earth                        1
   b - Stoneskin                      Transmutation/Earth          2
   c - Passwall                       Transmutation/Earth          3
   d - Stone Arrow                    Conjuration/Earth            3
   e - Petrify                        Transmutation/Earth          4
   f - Lee's Rapid Deconstruction     Earth                        5
Miscellaneous
 k - a plain deck of summoning
Comestibles
 w - 2 meat rations


   Skills:
 + Level 3.7 Fighting
 + Level 3.2 Maces & Flails
 + Level 3.2 Dodging
 - Level 2.1 Stealth
 * Level 7.4 Spellcasting
 + Level 3.4 Conjurations
 + Level 3.0 Transmutations
 + Level 7.6 Earth Magic


You had 11 spell levels left.
You knew the following spells:

 Your Spells              Type           Power        Failure   Level  Hunger
a - Sandblast             Erth           #####.       1%          1    None
b - Stoneskin             Trmt/Erth      ####....     1%          2    None
c - Stone Arrow           Conj/Erth      ####..       3%          3    #......
d - Lee's Rapid Deconstr  Erth           #####.....   12%         5    #####..


Dungeon Overview and Level Annotations

Branches:
Dungeon (7/15)             Temple (1/1) D:7

Altars:
Ashenzari
Cheibriados
Dithmenos
Elyvilon
Fedhas
Gozag
Kikubaaqudgha
Makhleb
Nemelex Xobeh
Okawaru
Ru
Sif Muna
Xom
Yredelemnul
Zin
The Shining One

Shops:
D:6 ?

Annotations:
D:5 Grinder


Innate Abilities, Weirdness & Mutations

You are resistant to torment.
Your stone body is resilient (AC +5).
You are immune to poison.
You resist negative energy.
You are resistant to electric shocks.
You can survive without breathing.
You are immune to petrification.
You are immune to rotting.


Message History

The orc warrior hits you with a war axe.
* * * LOW HITPOINT WARNING * * *
Casting: Sandblast
Confirm with . or Enter, or press ? or * to list all spells.
Aiming: Sandblast
Press: ? - help, Shift-Dir - straight line, f/p - orc warrior
Aim: an orc warrior, wielding a war axe and wearing a chain mail (severely wounded)
The blast of sand misses the orc warrior.
The orc warrior hits you with a war axe.
* * * LOW HITPOINT WARNING * * *
You closely miss the orc warrior.
The orc warrior is severely wounded.
The orc warrior hits you with a war axe!
* * * LOW HITPOINT WARNING * * *
Drink which item? (? for menu, Esc to quit)
It was a potion of degeneration.
There was something very wrong with that liquid.
You feel weakened.
The orc warrior hits you with a war axe.
You die...

#......#..#.#.#.#.#.########..
#.####.#..).#.#.#.#.# ##...
#.# #.#.####.#...#.# ##....
#.# #.#......#####.# ##.....
#.####.######## #.####......
#....#.......# #.##........
####.#######.# ###[##........
#.# #.####..)....[).... #.#
#o@..'......#......
#.############......#......
#.#...........#....###.....
#.#.#########.##..##.##....
#.#..............##...##...
#.###########...##.....'#..
#>.)...........##.......##.
##########...###...._....##
###...##.......##.


You could see an orc warrior.

Vanquished Creatures
  Pikel (D:5)
  Edmund (D:5)
  Duvessa (D:5)
  A phantom (D:4)
  A sky beast (D:5)
  An ice beast (D:5)
  An orc warrior (D:6)
  A slave (D:4)
  An ogre (D:6)
  The ghost of Raurakos the Cutter, an average HaWr (D:3)
  4 giant frogs
  Blork the orc (D:5)
  2 water moccasin zombies (Ossuary)
  Dowan (D:5)
  3 orc wizards
  A hound (D:5)
  3 orc priests
  2 iguanas (D:4)
  3 worker ants
  A killer bee zombie (D:6)
  6 big kobold zombies (Ossuary)
  2 mummies (Ossuary)
  A worker ant zombie (D:7)
  A shadow imp (D:7)
  8 adders
  6 adder zombies (Ossuary)
  An ooze (D:2)
  4 worms
  3 giant geckos
  17 orcs
  A bat skeleton (D:4)
  3 bat zombies (D:2)
  4 giant cockroaches
  11 goblins
  12 hobgoblins
  4 jackals (D:4)
  16 kobolds
  4 quokkas
  A ball python (D:6)
  8 bats
  A giant gecko skeleton (D:4)
  2 giant gecko zombies (D:6)
  3 giant newts
  A gnoll zombie (Ossuary)
  3 hobgoblin zombies (Ossuary)
  4 kobold zombies (Ossuary)
  5 orc zombies (Ossuary)
  9 rats
  3 rat zombies (D:2)
175 creatures vanquished.

Vanquished Creatures (others)
  An orc wizard (D:5)
  A worker ant (D:5)
  An adder (D:5)
  A bat (D:5)
  A kobold (D:5)
5 creatures vanquished.

Grand Total: 180 creatures vanquished

Notes
Turn   | Place    | Note
--------------------------------------------------------------
     0 | D:1      | mrath the Gargoyle Earth Elementalist began the quest for the Orb.
     0 | D:1      | Reached XP level 1. HP: 10/10 MP: 3/3
   460 | D:1      | Reached XP level 2. HP: 15/15 MP: 3/5
  1204 | D:2      | Reached skill level 4 in Earth Magic
  1206 | D:2      | Reached XP level 3. HP: 19/19 MP: 4/7
  2051 | D:2      | Reached XP level 4. HP: 22/24 MP: 5/9
  2236 | D:2      | Found an ancient bone altar of Kikubaaqudgha.
  2327 | D:3      | Learned a level 2 spell: Stoneskin
  2331 | D:3      | Learned a level 3 spell: Stone Arrow
  2619 | D:3      | Noticed Raurakos's ghost (average HaWr)
  2775 | D:3      | Found a shimmering altar of Xom.
  2903 | D:3      | Reached XP level 5. HP: 24/28 MP: 11/11
  3108 | D:4      | Found a sparkling altar of Nemelex Xobeh.
  3112 | D:4      | Noticed a phantom
  3386 | D:3      | Killed Raurakos's ghost
  3386 | D:3      | Reached skill level 5 in Earth Magic
  4118 | D:4      | Killed a phantom
  4118 | D:4      | Reached skill level 5 in Spellcasting
  4118 | D:4      | Reached XP level 6. HP: 21/32 MP: 0/13
  4656 | D:4      | Found a shadowy altar of Dithmenos.
  4962 | D:4      | Reached skill level 6 in Earth Magic
  5089 | D:4      | Reached XP level 7. HP: 36/36 MP: 6/15
  5319 | D:4      | Learned a level 5 spell: Lee's Rapid Deconstruction
  5321 | D:4      | Identified a +0 rod of shadows (14/14) (You found it on level 2 of the Dungeon)
  5327 | D:5      | Entered Level 5 of the Dungeon
  5374 | D:5      | Noticed Pikel
  5422 | D:5      | Reached skill level 1 in Transmutations
  5521 | D:5      | Reached skill level 1 in Fighting
  5521 | D:5      | Reached skill level 1 in Conjurations
  5894 | D:5      | HP: 1/38 [orc wizard/puff of flame (4)]
  6201 | D:5      | Reached skill level 1 in Maces & Flails
  6282 | D:5      | Noticed Duvessa
  6282 | D:5      | Noticed Dowan
  6285 | D:5      | Noticed Grinder
  6301 | D:5      | Killed Duvessa
  6301 | D:5      | Reached XP level 8. HP: 27/43 MP: 13/17
  6309 | D:5      | Killed Dowan
  7055 | D:5      | Noticed Edmund
  7080 | D:5      | Killed Edmund
  7124 | D:5      | Noticed Blork the orc
  7135 | D:5      | Killed Blork the orc
  7414 | D:5      | Killed Pikel
  7414 | D:5      | Reached skill level 7 in Earth Magic
  7414 | D:5      | Reached XP level 9. HP: 28/49 MP: 7/19
  8064 | D:6      | Found Ujiser's Magic Scroll Emporium.
  8228 | D:6      | Found a sand-covered staircase.
  8232 | Ossuary  | Entered an ossuary
  8896 | D:6      | Found a shattered altar of Ashenzari.
  9019 | D:6      | Found a glowing golden altar of the Shining One.
  9229 | D:6      | Bought a scroll of remove curse for 42 gold pieces
  9601 | D:6      | Found a white marble altar of Elyvilon.
  9601 | D:6      | Found a glowing silver altar of Zin.
  9951 | D:7      | Found a staircase to the Ecumenical Temple.
  9960 | Temple   | Entered the Ecumenical Temple
 10064 | D:6      | HP: 1/52 [orc warrior/war axe (11)]
 10065 | D:6      | Slain by an orc warrior

Vault maps used:
D:1:      mrwooster_arrival_statue
D:2:      lemuel_zombie_altar_kikubaaqudgha
D:3:      xom_butterflies, first_bread
D:4:      nemelex_deck, kennysheep_mini_moat, kennysheep_generic_room_13
D:5:      portal_sewer_entry_d, uniq_edmund, uniq_duvessa, uniq_grinder,
          uniq_blork_the_orc, uniq_pikel
D:6:      evilmike_ruin_ashenzari, tso_metal_star,
          gammafunk_temple_overflow_statue,
          nicolae_ossuary_entry_false_entrances, serial_shops,
          nicolae_shop_crystal
D:7:      bloody_trog, temple_statues, serial_shops, shop
Temple:   circular_temple_pool_8
Ossuary:  ossuary_tomb_2

Action                   |  1- 3 |  4- 6 |  7- 9 || total
-------------------------+-------+-------+-------++-------
Melee: Unarmed           |    10 |       |       ||    10
       Club              |    41 |     6 |       ||    47
       Mace              |       |   119 |   205 ||   324
       Rod               |       |       |     3 ||     3
       Flail             |       |       |   184 ||   184
       Dagger            |       |       |     5 ||     5
 Cast: Sandblast         |    45 |    27 |   164 ||   236
       Stone Arrow       |       |    17 |    19 ||    36
       Stoneskin         |       |    10 |    20 ||    30
  Use: Scroll            |       |     2 |     6 ||     8
       Potion            |       |       |     1 ||     1
 Stab: Sleeping          |     1 |     3 |     2 ||     6
       Distracted        |       |       |     1 ||     1
  Eat: Chunk             |     3 |     3 |     8 ||    14
       Bread ration      |     1 |     1 |     1 ||     3
       Beef jerky        |       |       |     1 ||     1
       Fruit             |       |       |     3 ||     3
       Meat ration       |       |       |     1 ||     1
